 Dungeon Crawl Stone Soup version 0.20.0-15-g7f486f2 (webtiles) character file.

128 skittles the Firebug (level 4, -1/33 HPs)
             Began as a Draconian Fire Elementalist on June 10, 2017.
             Slain by a worker ant (6 damage)
             ... on level 4 of the Dungeon.
             The game lasted 00:05:47 (2858 turns).

skittles the Firebug (Draconian Fire Elementalist)  Turns: 2858, Time: 00:05:48

Health: -1/33      AC:  6    Str: 10    XL:     4   Next: 86%
Magic:  7/7        EV: 12    Int: 16    God:
Gold:   114        SH:  0    Dex: 12    Spells: 3/7 levels left

rFire    . . .     SeeInvis .   h - +1 dagger (protect)
rCold    . . .     Gourm    .   (no shield)
rNeg     . . .     Faith    .   (armour unavailable)
rPois    .         Spirit   .   (helmet restricted)
rElec    .         Reflect  .   (no cloak)
rCorr    .         Harm     .   s - +0 pair of gloves
MR       .....                  (no boots)
Stlth    ++........             (no amulet)
Regen    0.2/turn               (no ring)
MPRegen  0.1/turn               (no ring)

@: no status effects
A: unfitting armour, cold-blooded, AC +5
a: no special abilities


You were on level 4 of the Dungeon.
You were hungry.

You visited 1 branch of the dungeon, and saw 4 of its levels.

You collected 114 gold pieces.

Inventory:

Hand Weapons
 h - a +1 dagger of protection (weapon)
Armour
 s - a +0 pair of gloves (worn)
Jewellery
 o - an uncursed amulet of rage {unknown}
Wands
 d - a wand of scattershot (4/9)
Scrolls
 g - a scroll of noise {unknown}
 i - 2 scrolls of remove curse {unknown}
 j - a scroll of teleportation {unknown}
 k - a scroll of fog {unknown}
 n - a scroll of immolation {unknown}
 q - a scroll of fear {unknown}
Potions
 c - a potion of might {unknown}
 e - a potion of mutation {unknown}
 f - 2 potions of lignification {unknown}
 l - 2 potions of curing {unknown}
 r - a potion of degeneration {unknown}
Books
 a - a book of Flames

   Spells                             Type                      Level
   a - Flame Tongue                   Conjuration/Fire             1
   b - Throw Flame                    Conjuration/Fire             2
   c - Conjure Flame                  Conjuration/Fire             3
   d - Inner Flame                    Hexes/Fire                   3
   e - Sticky Flame                   Conjuration/Fire             4
   f - Fireball                       Conjuration/Fire             5
Comestibles
 b - 4 bread rations
 m - a royal jelly
 p - a meat ration


   Skills:
 - Level 1.7 Dodging
 - Level 1.7 Stealth
 - Level 2.0 Spellcasting
 + Level 3.2 Conjurations
 + Level 4.6 Fire Magic


You had 3 spell levels left.
You knew the following spells:

 Your Spells              Type           Power        Failure   Level  Hunger
a - Flame Tongue          Conj/Fire      ##...        4%          1    #......
b - Conjure Flame         Conj/Fire      ##......     12%         3    ###....


Dungeon Overview and Level Annotations

Branches:
Dungeon (4/15)
 Temple: D:4-7

Altars:
Xom

Annotations:
D:2 1 runed door


Innate Abilities, Weirdness & Mutations

Your plain brown scales are hard. (AC +5)
You cannot fit into any form of body armour.
You are cold-blooded and may be slowed by cold attacks.


Message History

Pain shoots through your body!
You feel sick. The worker ant barely misses you.
You feel sick.
The orc priest calls down the wrath of Beogh upon you.
Beogh smites you!
The worker ant bites you but does no damage.
The frilled lizard hisses angrily.
You feel sick.
There is an open door here.
You feel sick. The worker ant bites you.
* * * LOW HITPOINT WARNING * * *
You feel sick. The worker ant closely misses you.
You feel sick.
You are no longer poisoned.
The worker ant closely misses you. The worker ant barely misses you.
There is a stone staircase leading up here.
The worker ant bites you.
You die...

... ............(....
.... .................
...#########..#(.#####
.............(........
.#.....########..#.## ..
#...............# #
...+.....#######...#
...#.....# #.......#.#
.....#@#+###.......#.#
.......a....#.......#.#
............#.......#.#
........o...#.....o...#
)........h#######h#...#.
..........#######.#...#.
............##...h#o..#.
♣.♣.♣.♣.♣.♣o##..o##.#o#.
..♣...♣...♣.#...##.#...


You could see a hound, a worker ant, an orc priest and an orc.

Vanquished Creatures
  A bullfrog skeleton (D:4)
  4 adders (D:2)
  2 dart slugs
  3 leopard geckos
  2 orcs (D:3)
  A giant cockroach (D:2)
  6 goblins
  6 hobgoblins
  5 jackals
  2 ball pythons
  9 bats
  5 frilled lizards
  6 kobolds
  6 rats
58 creatures vanquished.

Notes
Turn   | Place    | Note
-------+----------+-------------------------------------------
     0 | D:1      | skittles the Draconian Fire Elementalist began the quest for the Orb.
     0 | D:1      | Reached XP level 1. HP: 14/14 MP: 3/3
   470 | D:1      | Reached XP level 2. HP: 8/20 MP: 0/5
  1409 | D:2      | Reached XP level 3. HP: 23/26 MP: 2/6
  1596 | D:2      | Reached skill level 4 in Fire Magic
  1630 | D:2      | Found a runed door.
  1722 | D:2      | Reached XP level 4. HP: 23/33 MP: 1/7
  2076 | D:2      | Learned a level 3 spell: Conjure Flame
  2820 | D:4      | Found a shimmering altar of Xom.
  2858 | D:4      | Slain by a worker ant

Skill      XL: |  1  2  3  4 |
---------------+-------------+-----
Conjurations   | 2 3 |  3.2
Fire Magic     | 4 |  4.6
Dodging        | |  1.7
Stealth        | |  1.7
Spellcasting   | |  2.0

Action                   |  1- 3 |  4- 6 || total
-------------------------+-------+-------++-------
Melee: Unarmed           |    18 |       ||    18
       Club              |    40 |       ||    40
       Tailslap          |     8 |     3 ||    11
       Dagger            |    70 |    47 ||   117
 Cast: Flame Tongue      |    25 |    14 ||    39
 Stab: Sleeping          |     2 |     1 ||     3
  Eat: Chunk             |     3 |     3 ||     6
Armor: Skin              |    80 |    32 ||   112
Dodge: Dodged            |   151 |    49 ||   200
